 Dungeon Crawl Stone Soup version 0.21-a0-538-gd16b88a (webtiles) character file.

33117 Amnesiac the Whirler (level 14, -4/104 HPs)
             Began as a Halfling Fighter on Dec 15, 2017.
             Was a High Priest of Okawaru.
             Killed from afar by a starcursed mass (7 damage)
             ... with an accursed screaming
             ... on level 2 of the Abyss.
             The game lasted 00:46:25 (19629 turns).

Amnesiac the Whirler (Halfling Fighter)            Turns: 19629, Time: 00:46:26

Health: -4/104     AC: 23    Str: 24    XL:     14   Next: 6%
Magic:  12/18      EV: 20    Int:  8    God:    Okawaru [*****.]
Gold:   752        SH: 15    Dex: 20    Spells: 12/13 levels left

rFire    . . .     SeeInvis +   a - +0 hunting sling
rCold    + . .     Gourm    .   c - +0 shield
rNeg     . . .     Faith    .   T - +0 plate armour
rPois    +         Spirit   .   w - +1 hat
rElec    .         Reflect  .   G - +0 cloak of Tiosogiu {rC+ MR- Str+3 Dex+5}
rCorr    .         Harm     .   R - +0 pair of gloves
MR       .....                  r - +0 pair of boots
Stlth    ..........             (no amulet)
HPRegen  0.27/turn              V - ring of stealth
MPRegen  0.16/turn              t - ring "Topp" {rPois Int+2 SInv}

@: heroism, finesse, very slightly contaminated
A: small, mutation resistance 1, robust 1
a: Heroism, Finesse, Renounce Religion


You were on level 2 of the Abyss.
You worshipped Okawaru.
Okawaru was extremely pleased with you.
You were not hungry.

You visited 2 branches of the dungeon, and saw 16 of its levels.
You visited the Abyss 1 time.

You collected 1165 gold pieces.
You spent 413 gold pieces at shops.

Inventory:

Hand Weapons
 a - a +0 hunting sling (weapon)
 b - a +0 blowgun
Missiles
 g - 286 stones
 l - 65 sling bullets (quivered)
 u - 79 poisoned needles
 O - 20 tomahawks
Armour
 c - a +0 shield (worn)
 p - +0 acid dragon scales
 r - a +0 pair of boots (worn)
 w - a +1 hat (worn)
 G - the +0 cloak of Tiosogiu (worn) {rC+ MR- Str+3 Dex+5}
   (You bought it in a shop on level 5 of the Dungeon)

   It affects your strength (+3).
   It affects your dexterity (+5).
   It protects you from cold.
   It affects your resistance to hostile enchantments.
 R - a +0 pair of gloves (worn)
 T - a +0 plate armour (worn)
 Z - a scarf of spirit shield
Jewellery
 t - the ring "Topp" (right hand) {rPois Int+2 SInv}
   (You found it on level 13 of the Dungeon)

   [ring of see invisible]

   It affects your intelligence (+2).
   It protects you from poison.
   It lets you see invisible.
 M - an uncursed ring of magical power
 V - a ring of stealth (left hand)
Wands
 o - a wand of flame (26)
 y - a wand of scattershot (3)
 B - a wand of acid (10)
 D - a wand of polymorph (14)
 I - a wand of enslavement (5)
 L - a wand of paralysis (10)
 N - a wand of digging (15)
Scrolls
 e - 2 scrolls of magic mapping {!r}
 h - 6 scrolls of amnesia {!r}
 j - 3 scrolls of remove curse {!r}
 k - 6 scrolls of identify {!r}
 q - 6 scrolls of teleportation {!r}
 z - a scroll of brand weapon {!r}
 C - a scroll of enchant armour {!r}
 K - 2 scrolls of fog {!r}
 P - a scroll of fear {!r}
 W - a scroll of enchant weapon {!r}
Potions
 d - 7 potions of might {!q}
 i - 4 potions of curing {!q}
 s - 2 potions of cancellation {!q}
 A - 2 potions of brilliance {!q}
 F - a potion of magic {!q}
 Q - 2 potions of mutation {!q}
 S - 2 potions of flight {!q}
 U - 2 potions of berserk rage {!q}
 X - a potion of agility {!q}
Books
 v - a book of Frost

   Spells                             Type                      Level
   a - Freeze                         Ice                          1
   b - Throw Frost                    Conjuration/Ice              2
   c - Ozocubu's Armour               Charms/Ice                   3
   d - Throw Icicle                   Conjuration/Ice              4
   e - Summon Ice Beast               Ice/Summoning                4
Comestibles
 f - 9 bread rations
 m - 6 royal jellies
 n - 3 fruits
 x - 9 meat rations
 J - 3 chunks of flesh


   Skills:
 * Level 8.6(13.6) Fighting
   Level 4.3(9.3) Short Blades
 + Level 16.1(21.1) Slings
 * Level 10.2(15.2) Armour
 * Level 10.3(15.3) Dodging
 * Level 10.1(15.1) Shields
 + Level 6.5 Invocations
 - Level 5.0 Evocations


You had 12 spell levels left.
You knew the following spells:

 Your Spells              Type           Power        Failure   Level  Hunger
z - Confusing Touch       Hex            #.....       99%         1    ##.....


Dungeon Overview and Level Annotations

Branches:
Dungeon (15/15)            Temple (1/1) D:6            Lair (0/6) D:8
    Orc (0/2) D:11
 Vaults: D:13-14     Depths: D:15

Altars:
Ashenzari
Cheibriados
Dithmenos
Fedhas
Gozag
Hepliaklqana
Kikubaaqudgha
Makhleb
Nemelex Xobeh
Okawaru
Ru
Sif Muna
Trog
Uskayaw
Vehumet
Wu Jian
Xom
Yredelemnul
Zin
The Shining One

Shops:
D:5 [   D:7 [   D:8 *   D:9 %   D:10 %   D:12 }%%%   D:13 !   D:14 ?

Annotations:
D:11 Azrael


Innate Abilities, Weirdness & Mutations

You are small and have problems with some larger weapons.
You are somewhat resistant to further mutation.
You are robust. (+10% HP)


Message History

The sling bullet hits the starcursed mass!
The starcursed mass is almost destroyed.
Firing (i - inventory. (,) - cycle):
l - 72 sling bullets (quivered)
Press: ? - help, Shift-Dir - straight line, f/p - neqoxec
Aim: a neqoxec (moderately wounded)
You shoot a sling bullet. The sling bullet hits the neqoxec!!
You kill the neqoxec!
Okawaru accepts your kill.
The raiju bursts into living lightning!
The living lightning misses you. x2; The raiju blinks! x4
Firing (i - inventory. (,) - cycle):
l - 71 sling bullets (quivered)
Press: ? - help, Shift-Dir - straight line, f - raiju
Aim: a raiju You shoot a sling bullet.
The sling bullet hits the raiju.
The raiju is lightly wounded.
The raiju bursts into living lightning!
The living lightning hits you! x2
* * * LOW HITPOINT WARNING * * *
The raiju blinks!
Firing (i - inventory. (,) - cycle):
l - 70 sling bullets (quivered)
Press: ? - help, Shift-Dir - straight line, f/p - raiju
Aim: a raiju (lightly wounded)
You shoot a sling bullet. The sling bullet hits the raiju!
The raiju is moderately wounded.
Firing (i - inventory. (,) - cycle):
l - 69 sling bullets (quivered)
Press: ? - help, Shift-Dir - straight line, f/p - raiju
Aim: a raiju (moderately wounded)
You shoot a sling bullet. The sling bullet hits the raiju!
The raiju is heavily wounded.
The raiju bites you but does no damage.
Firing (i - inventory. (,) - cycle):
l - 68 sling bullets (quivered)
Press: ? - help, Shift-Dir - straight line, f/p - raiju
Aim: a raiju (heavily wounded)
You shoot a sling bullet. The sling bullet hits the raiju!
The raiju is severely wounded.
Firing (i - inventory. (,) - cycle):
l - 67 sling bullets (quivered)
Press: ? - help, Shift-Dir - straight line, f/p - raiju
Aim: a raiju (severely wounded)
You shoot a sling bullet.
The sling bullet barely misses the raiju.
Firing (i - inventory. (,) - cycle):
l - 66 sling bullets (quivered)
Press: ? - help, Shift-Dir - straight line, f/p - raiju
Aim: a raiju (severely wounded)
You shoot a sling bullet. The sling bullet misses the raiju.
The raiju bursts into living lightning!
The living lightning hits you!
* * * LOW HITPOINT WARNING * * *
The raiju blinks!
Firing (i - inventory. (,) - cycle):
l - 65 sling bullets (quivered)
Press: ? - help, Shift-Dir - straight line, f/p - raiju
Aim: a raiju (severely wounded)
Okay, then.
Really quaff
i - 5 potions of curing {!q}?
You feel better. The starcursed mass engulfs you!
* * * LOW HITPOINT WARNING * * *
A starcursed mass splits.
Really read
E - a scroll of blinking {!r}?
Blink to where?
Press: ? - help, Dir - move target cursor, p - raiju You are very lightly contaminated with residual magic.
As you read the scroll of blinking {!r}, it crumbles to dust.
A spatial vortex, a large abomination and a spatial maelstrom come into view.
A chorus of shrieks assaults your mind.
You die...

#.#X#.#.§# .
. #..#(##§#
.. #.#(XXX#
. ..#
###.hX#x#
.#.
######.#...#
#.##.. #
#.#.##
#....# .#@#
# ##..# ..#
.## .# vv X.
.#


You could see 2 starcursed masses, a spatial maelstrom, a spatial vortex, a
large abomination and a small abomination.

Vanquished Creatures
  A tentacled starspawn (Abyss:2)
  Erolcha (D:12)
  A catoblepas (D:13)
  3 centaur warriors
  A two-headed ogre (D:8)
  The ghost of teton the Destroyer, a novice DrFE of Vehumet (D:8)
  Nergalle (D:10)
  An unseen horror (D:14)
  Pikel (D:7)
  A wizard (D:13)
  2 cyclopes
  A manticore (D:13)
  2 smoke demons (Abyss:2)
  A centaur zombie (D:12)
  Maurice (D:10)
  A gargoyle (D:13)
  A freezing wraith (D:14)
  The ghost of mopl the Fighter, an amateur GnWn (D:4)
  A harpy zombie (D:15)
  A troll (D:14)
  3 meliai (D:15)
  A harpy skeleton (D:15)
  Prince Ribbit (D:5)
  11 slime creatures
  2 hippogriffs
  3 raiju (Abyss:2)
  A meliai zombie (D:13)
  A wyvern (D:15)
  3 wraiths
  A shadow (D:13)
  3 water elementals (Abyss:2)
  11 humans
  16 yaks
  A fire elemental (D:12)
  4 hogs (D:8)
  A chaos spawn (Abyss:2)
  3 hungry ghosts
  5 vampire mosquitoes (D:12)
  A neqoxec (Abyss:2)
  3 acid dragons
  3 hell hounds
  A two-headed ogre zombie (D:11)
  4 water moccasins
  2 ice beasts
  4 slaves (D:7)
  12 orc warriors
  A black bear (D:11)
  4 phantoms
  3 sky beasts
  10 ogres
  8 centaurs
  A crocodile (D:8)
  2 big kobolds
  9 bullfrogs
  2 gnoll sergeants
  2 earth elementals (Abyss:2)
  6 scorpions
  2 troll zombies (D:11)
  20 killer bees
  A howler monkey (D:4)
  9 wights
  4 crimson imps
  3 bullfrog zombies
  3 jellies
  A bullfrog skeleton (D:7)
  4 gnoll shamans (D:4)
  10 orc priests
  4 centaur skeletons
  11 hounds
  12 orc wizards
  Ijyb (D:5)
  9 worker ants
  5 ogre zombies (D:11)
  A small abomination (Abyss:2)
  A hound skeleton (D:10)
  2 worker ant zombies
  40 gnolls
  15 adders
  2 shadow imps
  3 adder skeletons
  2 adder zombies
  3 worms
  2 dart slugs
  5 leopard geckos
  50 orcs
  A ball python (D:4)
  6 giant cockroaches
  6 goblins
  3 hobgoblins
  39 jackals
  3 quokkas
  A ball python skeleton (D:4)
  6 bats
  A frilled lizard (D:2)
  A goblin skeleton (D:11)
  3 goblin zombies (D:11)
  3 hobgoblin skeletons (D:11)
  A hobgoblin zombie (D:11)
  A jackal zombie (D:7)
  20 kobolds
  An orc skeleton (D:11)
  16 orc zombies (D:11)
  A quokka skeleton (D:4)
  9 rats
  A starspawn tentacle (Abyss:2)
521 creatures vanquished.

Vanquished Creatures (others)
  Blork the orc (D:7)
  A quasit (Abyss:2)
  A starspawn tentacle (Abyss:2)
3 creatures vanquished.

Grand Total: 524 creatures vanquished

Notes
Turn   | Place    | Note
-------+----------+-------------------------------------------
     0 | D:1      | Amnesiac the Halfling Fighter began the quest for the Orb.
     0 | D:1      | Reached XP level 1. HP: 15/15 MP: 1/1
    57 | D:1      | Reached skill level 1 in Dodging
   141 | D:1      | Reached XP level 2. HP: 16/20 MP: 2/2
   419 | D:1      | Reached XP level 3. HP: 15/25 MP: 3/3
   975 | D:2      | Found a hide-covered altar of Uskayaw.
   977 | D:2      | Found a bloodstained altar of Trog.
  1130 | D:2      | Reached skill level 1 in Slings
  1130 | D:2      | Reached XP level 4. HP: 28/30 MP: 4/4
  1182 | D:2      | Reached skill level 2 in Slings
  1439 | D:2      | Reached skill level 3 in Slings
  1889 | D:2      | Reached XP level 5. HP: 33/35 MP: 5/5
  1980 | D:2      | Reached skill level 4 in Slings
  2738 | D:3      | Reached skill level 5 in Slings
  3054 | D:3      | Found an ornate altar of the Wu Jian Council.
  3193 | D:3      | Reached skill level 6 in Slings
  3193 | D:3      | Reached XP level 6. HP: 17/41 MP: 6/6
  3598 | D:4      | Noticed mopl's ghost (amateur GnWn)
  3635 | D:4      | Reached skill level 7 in Slings
  3889 | D:4      | Noticed an ogre
  3893 | D:4      | Killed an ogre
  3948 | D:4      | Killed mopl's ghost
  3948 | D:4      | Reached skill level 9 in Slings
  3948 | D:4      | Reached XP level 7. HP: 40/45 MP: 7/7
  4038 | D:4      | Reached skill level 10 in Slings
  4688 | D:5      | Entered Level 5 of the Dungeon
  4692 | D:5      | Reached XP level 8. HP: 51/51 MP: 8/8
  4720 | D:5      | Noticed Prince Ribbit
  4795 | D:5      | Found an opulent altar of Gozag.
  4999 | D:5      | Noticed Ijyb
  5028 | D:5      | Killed Ijyb
  5047 | D:5      | Reached skill level 11 in Slings
  5193 | D:5      | Found Zioth's Antique Armour Shop.
  5197 | D:5      | Bought a twisted cloak for 237 gold pieces
  5202 | D:5      | Identified the +0 cloak of Tiosogiu {rC+ MR- Str+3 Dex+5} (You bought it in a shop on level 5 of the Dungeon)
  5328 | D:5      | Reached skill level 12 in Slings
  5478 | D:5      | Killed Prince Ribbit
  5517 | D:6      | Reached skill level 13 in Slings
  5549 | D:6      | Reached XP level 9. HP: 35/55 MP: 9/9
  5902 | D:6      | Reached skill level 14 in Slings
  5973 | D:6      | Found a staircase to the Ecumenical Temple.
  6015 | Temple   | Entered the Ecumenical Temple
  6062 | Temple   | Became a worshipper of Warmaster Okawaru
  6612 | D:4      | Reached * piety under Okawaru
  7199 | D:6      | Reached skill level 1 in Invocations
  7763 | D:7      | Found Ezajaowk's Antique Armour Shop.
  7901 | D:7      | Reached XP level 10. HP: 63/63 MP: 11/11
  8136 | D:7      | Reached skill level 5 in Armour
  8141 | D:7      | Reached ** piety under Okawaru
  8141 | D:7      | Reached skill level 5 in Dodging
  8152 | D:7      | Reached skill level 5 in Shields
  8747 | D:8      | Noticed teton's ghost (novice DrFE)
  8761 | D:8      | Killed teton's ghost
  8761 | D:8      | Reached *** piety under Okawaru
  9059 | D:8      | Found a faded altar of an unknown god.
  9059 | D:8      | Found a hazy altar of Hepliaklqana.
  9064 | D:8      | Found a glowing golden altar of the Shining One.
  9066 | D:8      | Found a sparkling altar of Nemelex Xobeh.
  9068 | D:8      | Found a sacrificial altar of Ru.
  9102 | D:8      | Received a gift from Okawaru
  9102 | D:8      | Reached skill level 5 in Fighting
  9419 | D:8      | Found a glowing silver altar of Zin.
  9502 | D:8      | Received a gift from Okawaru
  9515 | D:8      | Reached XP level 11. HP: 47/72 MP: 13/13
  9797 | D:8      | Found a staircase to the Lair.
  9831 | D:8      | Found Daijit's General Store.
  9845 | D:8      | Bought a scroll of teleportation for 36 gold pieces
  9845 | D:8      | Bought 3 scrolls of identify for 72 gold pieces
  9881 | D:8      | Noticed a two-headed ogre
  9892 | D:8      | Killed a two-headed ogre
 10165 | D:9      | Received a gift from Okawaru
 10173 | D:9      | Reached **** piety under Okawaru
 10202 | D:9      | Reached skill level 15 in Slings
 11077 | D:9      | Found Gaxt's Food Boutique.
 11369 | D:9      | Received a gift from Okawaru
 11396 | D:9      | Learned a level 1 spell: Confusing Touch
 11851 | D:7      | Noticed Pikel
 11869 | D:7      | Killed Pikel
 11881 | D:7      | Killed Blork the orc
 11899 | D:7      | Found a deep blue altar of Sif Muna.
 12175 | D:10     | Entered Level 10 of the Dungeon
 12332 | D:10     | Noticed Maurice
 12350 | D:10     | Killed Maurice
 12623 | D:10     | Reached XP level 12. HP: 80/80 MP: 15/15
 12689 | D:10     | Noticed a centaur warrior
 12710 | D:10     | Killed a centaur warrior
 12710 | D:10     | Received a gift from Okawaru
 13040 | D:10     | Found Ubefiejo's Food Shop.
 13188 | D:10     | Noticed Nergalle
 13210 | D:10     | Killed Nergalle
 13756 | D:11     | Found a staircase to the Orcish Mines.
 14622 | D:11     | Reached skill level 5 in Invocations
 14853 | D:12     | Noticed Azrael
 15003 | D:12     | Found Ryxipoc's Gadget Emporium.
 15115 | D:12     | Reached ***** piety under Okawaru
 15120 | D:12     | Noticed Erolcha
 15317 | D:12     | Found Joecvif's Food Shop.
 15335 | D:12     | Reached skill level 1 in Evocations
 15371 | D:11     | Received a gift from Okawaru
 15612 | D:12     | HP: 2/81 [acid (14)]
 15613 | D:12     | Gained mutation: You are robust. (+10% HP) [potion of mutation]
 15958 | D:12     | Killed Erolcha
 16056 | D:12     | Reached skill level 5 in Evocations
 16218 | D:12     | Found Qiroshras's Food Shoppe.
 16242 | D:12     | Received a gift from Okawaru
 16599 | D:12     | Found Ruoxax's Food Shop.
 16745 | D:13     | Noticed a catoblepas
 16792 | D:13     | Killed a catoblepas
 16792 | D:13     | Reached XP level 13. HP: 62/94 MP: 16/16
 16905 | D:13     | Found Nuvat's Distillery.
 16930 | D:13     | Bought a potion of agility for 68 gold pieces
 17160 | D:13     | Received a gift from Okawaru
 17482 | D:13     | Got an ancient jade ring
 17484 | D:13     | Identified the ring "Topp" {rPois Int+2 SInv} (You found it on level 13 of the Dungeon)
 17545 | D:13     | Received a gift from Okawaru
 17583 | D:13     | You fall through a shaft for 2 floors!
 17583 | D:15     | Entered Level 15 of the Dungeon
 17639 | D:15     | Noticed a centaur warrior
 17721 | D:15     | Killed a centaur warrior
 18059 | D:15     | Received a gift from Okawaru
 18504 | D:14     | Noticed a centaur warrior
 18538 | D:14     | Killed a centaur warrior
 18561 | D:14     | Got a twisted robe
 18576 | D:14     | Received a gift from Okawaru
 18600 | D:14     | Identified the cursed +1 robe of Goehaoh {-Cast rN++} (You found it on level 14 of the Dungeon)
 18683 | D:14     | Found Yfoow's Magic Scroll Boutique.
 18831 | D:14     | Reached skill level 16 in Slings
 18831 | D:14     | Reached skill level 10 in Dodging
 19083 | D:13     | Reached skill level 10 in Armour
 19130 | D:13     | Cast into level 2 of the Abyss (a wizard)
 19130 | Abyss:2  | Found a corrupted altar of Lugonu.
 19416 | Abyss:2  | Reached skill level 10 in Shields
 19520 | Abyss:2  | Noticed a tentacled starspawn
 19531 | Abyss:2  | Killed a tentacled starspawn
 19531 | Abyss:2  | Reached XP level 14. HP: 31/104 MP: 10/18
 19579 | Abyss:2  | Noticed a starcursed mass
 19627 | Abyss:2  | HP: 1/104 [raiju/living lightning (21)]
 19629 | Abyss:2  | Killed from afar by a starcursed mass

Vault maps used:
D:1:      noname_arrival_rooms_in_the_neighbourhood, minmay_tree_intersection
D:2:      chequers_temple_overflow_statue_of_worship
D:3:      lemuel_round_altar
D:4:      lemuel_castle_with_subvaults, first_bread
D:5:      nicolae_gozag_seed_capital, serial_shops, shop, serial_curves,
          eino_curves_01, eino_curves_03, uniq_prince_ribbit1, uniq_ijyb
D:6:      minmay_temple_entry_enclosed_plants
D:7:      minmay_opposing_rooms, tgw_sif, serial_shops, nicolae_shop_trees,
          uniq_pikel
D:8:      zin_academy, chequers_temple_overflow_minitemple, lair_entry_dummy,
          serial_shops, nicolae_shop_stone, grunt_livestock, nrook_mini_vaults
D:9:      serial_shops, kennysheep_little_box, kennysheep_generic_room_6
D:10:     serial_shops, shop, uniq_nergalle, uniq_maurice
D:11:     zombieorc2_lemuel, grunt_ministairs_4
D:12:     serial_shops, nicolae_shop_window_shopping, nicolae_shop_crystal,
          shop, shop, uniq_erolcha, uniq_azrael
D:13:     grunt_vaults_entry_tiered, serial_shops, shop,
          hangedman_decor_riveting, hive_lemuel
D:14:     kennysheep_water_balloons, serial_shops, shop_statue, lightli_airlock
D:15:     grunt_enter_depths_hoard, minmay_misc_feat_more_columns
Temple:   nicolae_temple_hex_pool

Skill      XL: |  1  2  3  4  5  6  7  8  9 10 11 12 13 |
---------------+----------------------------------------+-----
Dodging        | 1 2 3 4 6 7 8 10 | 10.3
Slings         | 1 3 6 9 10 13 14 15 16 | 16.1
Fighting       | 3 5 6 7 8 |  8.6
Armour         | 4 6 7 8 10 | 10.2
Shields        | 4 6 7 8 10 | 10.1
Invocations    | 1 3 4 5 6 |  6.5
Short Blades   | 4 |  4.3
Evocations     | 5 |  5.0

Action                   |  1- 3 |  4- 6 |  7- 9 | 10-12 | 13-15 || total
-------------------------+-------+-------+-------+-------+-------++-------
Melee: Rapier            |    97 |       |       |       |       ||    97
       Unarmed           |       |       |     4 |       |       ||     4
       Falchion          |       |       |     7 |       |       ||     7
       Long sword        |       |       |       |    11 |       ||    11
       Hunting sling     |       |       |       |     4 |       ||     4
 Fire: Hunting sling     |    16 |   298 |   560 |  1747 |   644 ||  3265
Throw: Stone             |    58 |       |     4 |       |       ||    62
       Tomahawk          |       |       |       |    39 |       ||    39
Invok: Heroism           |       |       |       |     3 |     5 ||     8
       Finesse           |       |       |       |     1 |     5 ||     6
Evoke: Wand              |       |       |       |     1 |    13 ||    14
  Use: Scroll            |       |     1 |       |    18 |     8 ||    27
       Potion            |       |       |       |     5 |     3 ||     8
  Eat: Chunk             |     1 |     8 |    12 |    25 |     7 ||    53
       Royal jelly       |       |       |       |     1 |       ||     1
       Fruit             |       |       |       |       |     4 ||     4
Armor: Scale mail        |    27 |    70 |    47 |   125 |       ||   269
       Plate armour      |       |       |       |    25 |    45 ||    70
       Acid dragon scale |       |       |       |    11 |    15 ||    26
Dodge: Dodged            |    48 |    60 |    89 |   436 |   128 ||   761
Block: Shield            |    53 |    95 |    86 |   468 |   177 ||   879
       Rpst.: Long sword |       |       |       |     4 |       ||     4

Table legend:
 A = Spawn XP
 B = Non-spawn XP
 C = Spawn XP percentage of total XP
 D = Spawn monster count
 E = Non-spawn monster count
 F = Spawn count percentage of total count
 G = Total turns spent on level
                    A         B        C        D         E        F      G
               +---------+---------+-------+---------+---------+-------+---------
         Total |    4223 |   43088 |   8.9 |       9 |     507 |   1.7 | 19629
               +---------+---------+-------+---------+---------+-------+---------
           D:1 |       0 |      33 |   0.0 |       0 |      19 |   0.0 |   759
           D:2 |       0 |     162 |   0.0 |       0 |      36 |   0.0 |  1966
           D:3 |       0 |      78 |   0.0 |       0 |      17 |   0.0 |   861
           D:4 |       0 |    1278 |   0.0 |       0 |      67 |   0.0 |  1744
           D:5 |       0 |     825 |   0.0 |       0 |      15 |   0.0 |   999
           D:6 |       0 |    1167 |   0.0 |       0 |      24 |   0.0 |  1203
           D:7 |       0 |    2265 |   0.0 |       0 |      42 |   0.0 |  1618
           D:8 |       0 |    4343 |   0.0 |       0 |      40 |   0.0 |  1596
           D:9 |       0 |    4503 |   0.0 |       0 |      52 |   0.0 |  1351
          D:10 |       0 |    3050 |   0.0 |       0 |      27 |   0.0 |  1179
          D:11 |       0 |    2871 |   0.0 |       0 |      67 |   0.0 |  1998
          D:12 |       0 |    5466 |   0.0 |       0 |      38 |   0.0 |  1272
          D:13 |       0 |    7744 |   0.0 |       0 |      33 |   0.0 |  1143
          D:14 |       0 |    4135 |   0.0 |       0 |      11 |   0.0 |   466
          D:15 |       0 |    4352 |   0.0 |       0 |      14 |   0.0 |   897
       Abyss:2 |    4223 |     816 |  83.8 |       9 |       5 |  64.3 |   499
               +---------+---------+-------+---------+---------+-------+---------
